AoeStats
← Ken

Nomad

508427284Analyzed
4v4 RM · 9d ago on Sep 22, 2026· 38m 20s· 8 players
Game mode
Random Map
Map size
231×231
Population
200
Speed
Normal
Resources
Standard
Victory
Conquest
Starting age
Dark Age
Ending age
Imperial Age
RankedLock teamsTeams togetherTeam positionsShared explorationLock speedFull tech treeHidden civsTurbo modeCheats
Victory
Defeat
🇨🇳 Franks · China
1084
+15
🇦🇺 Wei · Australia
1042
+17
🇹🇼 Spanish · Taiwan
1035
+17
🇦🇺 Huns · Australia
1003
+20
🇹🇼 Tupi · Taiwan
1088
-18
🇩🇪 Goths · Germany
1079
-18
🇪🇨 Poles · Ecuador
1075
-18
🇲🇽 Armenians · Mexico
1018
-15
OAO
5:04 Loom
15:55 Feudal Age
16:51 Double-Bit Axe
20:16 Stone Mining
24:58 Castle Age
24:02 Fletching
28:12 Horse Collar
30:02 Bodkin Arrow
36:51 Ballistics
36:30 Fishing Lines
Nuclear Nadal
5:08 Loom
14:24 Feudal Age
19:17 Castle Age
17:34 Double-Bit Axe
20:09 Bow Saw
22:59 Pikeman
23:40 Squires
23:25 Arson
27:32 Wheelbarrow
Ken
4:00 Loom
15:27 Feudal Age
20:03 Castle Age
18:51 Double-Bit Axe
19:03 Stone Mining
20:13 Gold Mining
22:27 Gold Shaft Mining
22:04 Husbandry
22:12 Scale Barding Armor
22:17 Forging
24:25 Wheelbarrow
31:45 Chain Barding Armor
35:59 Iron Casting
39:49 Imperial Age
MegaPanda
5:57 Loom
15:14 Feudal Age
15:44 Double-Bit Axe
15:40 Horse Collar
15:43 Fishing Lines
18:43 Fletching
21:40 Castle Age
19:49 Gold Mining
20:53 Scale Barding Armor
20:58 Forging
21:47 Forging
22:17 Bloodlines
22:15 Stone Mining
23:14 Husbandry
28:04 Chain Barding Armor
biodude
6:08 Loom
14:29 Feudal Age
15:14 Arson
14:54 Man-at-Arms
15:29 Arson
15:29 Long Swordsman
19:58 Wheelbarrow
22:26 Fletching
30:13 Castle Age
tobias-bayer90
16:03 Feudal Age
17:52 Double-Bit Axe
18:41 Horse Collar
21:18 Castle Age
26:44 Pikeman
Leng_tong
13:14 Loom
15:03 Feudal Age
13:20 Loom
15:57 Fishing Lines
16:43 Double-Bit Axe
16:39 Horse Collar
16:50 Gold Mining
30:54 Castle Age
33:23 Wheelbarrow
Bry.D
9:48 Loom
13:02 Feudal Age
13:40 Fishing Lines
17:57 Castle Age
16:54 Horse Collar
17:00 Double-Bit Axe
19:15 Husbandry
19:25 Bloodlines
21:42 Forging
Connection lost

Rejoining the realm…

Still unreachable

The connection could not be restored.

Session expired

The server has moved on; the page needs a fresh start.